 Dungeon Crawl Stone Soup version 0.19.4-10-g532645f (webtiles) character file.

16 Magnus the Ruffian (level 2, -3/25 HPs)
             Began as a Naga Transmuter on Feb 26, 2017.
             Slain by a hobgoblin
             ... wielding a +0 club
              (6 damage)
             ... on level 1 of the Dungeon.
             The game lasted 00:01:24 (678 turns).

Magnus the Ruffian (Naga Transmuter)                 Turns: 678, Time: 00:01:24

Health: -3/25      AC:  1    Str: 12    XL:     2   Next: 58%
Magic:  3/5        EV: 10    Int: 13    God:
Gold:   21         SH:  0    Dex: 11    Spells: 1 memorised, 4 levels left

rFire  . . .     SeeInvis +       - Unarmed
rCold  . . .     Gourm    .     b - +0 robe
rNeg   . . .     Faith    .     (no shield)
rPois  +         Spirit   .     (no helmet)
rElec  .         Reflect  .     (no cloak)
rCorr  .         Harm     .     (no gloves)
MR     .....                    (no barding)
Stlth  +.........               (no amulet)
                                (no ring)
                                (no ring)

@: appendage (expiring), very slightly contaminated, very slow
A: horns 2, see invisible, deformed body, poison resistance, slowness 2, slow
metabolism 1, spit poison 1, AC +0
a: Spit Poison, End Transformation


You were on level 1 of the Dungeon.
You were not hungry.
You had grown temporary horns.
You visited 1 branch of the dungeon, and saw 1 of its levels.

You collected 21 gold pieces.

Inventory:

Missiles
 a - 54 arrows
Armour
 b - a +0 robe (worn)
Jewellery
 g - an uncursed ring of flight {unknown}
 i - an uncursed ring of protection from fire {unknown}
Scrolls
 f - a scroll of teleportation {unknown}
 j - a scroll of blinking {unknown}
Potions
 e - a potion of lignification {unknown}
 k - 2 potions of haste {unknown}
Books
 c - a book of Changes

   Spells                             Type                      Level
   a - Beastly Appendage              Transmutation                1
   b - Sticks to Snakes               Transmutation                2
   c - Spider Form                    Transmutation/Poison         3
   d - Ice Form                       Ice/Transmutation            4
   e - Blade Hands                    Transmutation                5
Comestibles
 d - a bread ration
 h - 4 chunks of flesh


   Skills:
 - Level 1.0 Fighting
 - Level 1.5 Dodging
 + Level 3.2 Unarmed Combat
 - Level 2.0 Spellcasting
 + Level 2.8 Transmutations


You had 4 spell levels left.
You knew the following spells:

 Your Spells              Type           Power        Failure   Level  Hunger
a - Beastly Appendage     Tmut           #.....       10%         1    ##.....


Dungeon Overview and Level Annotations

Branches:
Dungeon (1/15)

Altars:


Innate Abilities, Weirdness & Mutations

You cannot wear boots.
Your serpentine skin is tough. (AC +0)
You have supernaturally acute eyesight. (SInv)
Armour fits poorly on your strangely shaped body.
Your system is resistant to poisons. (rPois)
You cover ground very slowly.
You have a slow metabolism.
You can spit poison.
You have a pair of horns on your head.


Message History

You barely miss the hobgoblin.
The hobgoblin is heavily wounded.
The kobold hits you. The hobgoblin hits you with a club.
You closely miss the hobgoblin.
The hobgoblin is heavily wounded.
The kobold misses you.
You hit the hobgoblin.
The hobgoblin is severely wounded.
Your transformation is almost over.
The hobgoblin barely misses you. The kobold closely misses you.
You barely miss the hobgoblin.
The hobgoblin is severely wounded.
The kobold barely misses you. The hobgoblin hits you with a club.
* * * LOW HITPOINT WARNING * * *
You closely miss the hobgoblin.
The hobgoblin is severely wounded.
The kobold hits you.
* * * LOW HITPOINT WARNING * * *
The hobgoblin hits you with a club.
You die...

'# ....
.....##############
...>.lg@..........######
......K.(...............
......###########.######
.####. #..# # # ##.#####
#.#..(. #.#.### #...#
##..###


You could see a hobgoblin, a kobold and a frilled lizard.

Vanquished Creatures
  A leopard gecko (D:1)
  2 giant cockroaches (D:1)
  2 goblins (D:1)
  A hobgoblin (D:1)
  3 jackals (D:1)
  2 kobolds (D:1)
  A bat (D:1)
12 creatures vanquished.

Notes
Turn   | Place    | Note
-------+----------+-------------------------------------------
     0 | D:1      | Magnus the Naga Transmuter began the quest for the Orb.
     0 | D:1      | Reached XP level 1. HP: 18/18 MP: 3/3
   368 | D:1      | Reached XP level 2. HP: 17/25 MP: 3/5
   678 | D:1      | Slain by a hobgoblin

Action                   || total
-------------------------++-------
Melee: Unarmed           ||    41
       Headbutt          ||     7
 Cast: Beastly Appendage ||     4
 Abil: Spit Poison       ||     1
Armor: Robe              ||     7
Dodge: Dodged            ||    29
